 Dungeon Crawl Stone Soup version 0.20-a0-1121-gbb42413 (webtiles) character file.

626 Ijustatesigmund the Conjurer (level 7, -2/60 HPs)
             Began as a Red Draconian Conjurer on May 10, 2017.
             Slain by a vampire (6 damage)
             ... on level 5 of the Dungeon.
             The game lasted 00:13:48 (4316 turns).

Ijustatesigmund the Conjurer (DrCj)                 Turns: 4316, Time: 00:13:48

Health: -2/60      AC:  9    Str: 10    XL:     7   Next: 23%
Magic:  7/12       EV: 12    Int: 16    God:
Gold:   58         SH:  0    Dex: 13    Spells: 8/12 levels left

rFire    + . .     SeeInvis +   n - +0 flail
rCold    . . .     Gourm    .   (no shield)
rNeg     + . .     Faith    .   (armour unavailable)
rPois    .         Spirit   .   (helmet restricted)
rElec    .         Reflect  .   d - +2 cloak
rCorr    .         Harm     .   (no gloves)
MR       .....     Rnd*Rage +   (no boots)
Stlth    ++........             (no amulet)
Regen    0.2/turn               m - ring of positive energy
MPRegen  0.2/turn               (no ring)

@: no status effects
A: breathe fire, unfitting armour, see invisible, berserk 1, fire resistance 1,
mutation resistance 1, cold-blooded, AC +6
a: Breathe Fire


You were on level 5 of the Dungeon.
You were not hungry.

You visited 1 branch of the dungeon, and saw 5 of its levels.

You collected 201 gold pieces.
You spent 143 gold pieces at shops.

Inventory:

Hand Weapons
 n - a +0 flail (weapon)
Armour
 d - a +2 cloak (worn)
Jewellery
 g - an uncursed ring of fire
 m - a ring of positive energy (left hand)
 s - an uncursed ring of ice
Scrolls
 c - 6 scrolls of teleportation
 e - a scroll of amnesia {unknown}
 h - 4 scrolls of magic mapping
 i - a scroll of enchant armour
Potions
 k - a potion of haste
 l - a potion of might {unknown}
 o - a potion of berserk rage {unknown}
 p - a potion of cancellation {unknown}
 q - a potion of magic {unknown}
 r - a potion of ambrosia {unknown}
Books
 a - a book of Conjurations

   Spells                             Type                      Level
   a - Magic Dart                     Conjuration                  1
   b - Searing Ray                    Conjuration                  2
   c - Dazzling Spray                 Conjuration/Hexes            3
   d - Fulminant Prism                Conjuration/Hexes            4
   e - Force Lance                    Conjuration/Translocation    4
   f - Iskenderun's Mystic Blast      Conjuration                  4
Comestibles
 b - 5 bread rations
 f - 3 meat rations
 j - 4 fruits


   Skills:
 + Level 4.8 Fighting
 + Level 2.8 Maces & Flails
 - Level 1.7 Dodging
 - Level 1.7 Stealth
 - Level 3.3 Spellcasting
 - Level 5.1 Conjurations
 - Level 2.6 Hexes


You had 8 spell levels left.
You knew the following spells:

 Your Spells              Type           Power        Failure   Level  Hunger
a - Magic Dart            Conj           ###.         2%          1    None
b - Dazzling Spray        Conj/Hex       ###...       11%         3    ###....


Dungeon Overview and Level Annotations

Branches:
Dungeon (5/15)
 Temple: D:4-7

Altars:
Nemelex Xobeh
Ru
Uskayaw

Shops:
D:5 !=


Innate Abilities, Weirdness & Mutations

You can breathe blasts of fire.
Your fiery red scales are hard. (AC +6)
You cannot fit into any form of body armour.
Your flesh is heat resistant. (rF+)
You are cold-blooded and may be slowed by cold attacks.
You have supernaturally acute eyesight. (SInv)
You tend to lose your temper in combat.
You are somewhat resistant to further mutation.


Message History

You barely miss the vampire.
Your tail-slap misses the vampire.
The vampire hits you but does no damage.
The vampire bites you.
The vampire draws strength from your injuries!
You barely miss the vampire. You tail-slap the vampire.
The vampire is lightly damaged.
The vampire closely misses you. The vampire bites you!
The vampire draws strength from your injuries!
The vampire hits you!
* * * LOW HITPOINT WARNING * * *
The vampire bites you.
* * * LOW HITPOINT WARNING * * *
The vampire draws strength from your injuries!
Casting: Dazzling Spray
Confirm with . or Enter, or press ? or * to list all spells.
Aiming: Dazzling Spray
Press: ? - help, Shift-Dir - straight line, f/p - vampire
Aim: a vampire (slightly transparent)
The spray of energy hits the vampire.
The vampire hits you.
You die...

######.##.##.....###..
#....##.....####.#
#######......(....
#.....####...
#............
###..$..####.#.
#.......# #
#.......####.#..#
#......@V........
#........†.......
#................
#........∩.......
#................
#######.......)#>
#........# #........#
##########


You could see a vampire (invisible).

Vanquished Creatures
  An ogre (D:5)
  A big kobold (D:3)
  A howler monkey (D:4)
  A crimson imp (D:4)
  A centaur zombie (D:5)
  2 orc wizards
  A hound (D:5)
  3 worker ants (D:4)
  A hound zombie (D:4)
  4 gnolls (D:3)
  6 adders
  A howler monkey skeleton (D:4)
  An ooze (D:3)
  4 worms
  2 dart slugs
  3 leopard geckos (D:4)
  8 orcs
  10 bats
  4 giant cockroaches
  7 goblins
  4 hobgoblins
  3 jackals (D:4)
  15 kobolds
  2 quokkas
  5 frilled lizards
  A giant cockroach zombie (D:5)
  A leopard gecko skeleton (D:4)
  4 rats
97 creatures vanquished.

Vanquished Creatures (others)
  A rat (D:2)
1 creature vanquished.

Grand Total: 98 creatures vanquished

Notes
Turn   | Place    | Note
-------+----------+-------------------------------------------
     0 | D:1      | Ijustatesigmund the Draconian Conjurer began the quest for the Orb.
     0 | D:1      | Reached XP level 1. HP: 14/14 MP: 3/3
   272 | D:1      | Reached skill level 1 in Fighting
   298 | D:1      | Reached XP level 2. HP: 23/23 MP: 3/5
   420 | D:1      | Found a sparkling altar of Nemelex Xobeh.
  1138 | D:2      | Reached XP level 3. HP: 29/29 MP: 3/6
  1750 | D:3      | Found a sacrificial altar of Ru.
  1840 | D:3      | Reached skill level 5 in Conjurations
  1840 | D:3      | Reached XP level 4. HP: 20/38 MP: 0/7
  2102 | D:3      | Learned a level 3 spell: Dazzling Spray
  2163 | D:3      | Found a hide-covered altar of Uskayaw.
  2222 | D:3      | Noticed a big kobold
  2255 | D:3      | Killed a big kobold
  2255 | D:3      | Reached skill level 1 in Hexes
  2255 | D:3      | Reached XP level 5. HP: 21/45 MP: 3/8
  3144 | D:3      | Gained mutation: You have supernaturally acute eyesight. (SInv) [potion of mutation]
  3144 | D:3      | Gained mutation: You tend to lose your temper in combat. [potion of mutation]
  3144 | D:3      | Gained mutation: You are somewhat resistant to further mutation. [potion of mutation]
  3201 | D:4      | Reached XP level 6. HP: 51/51 MP: 1/10
  3812 | D:4      | Reached skill level 1 in Maces & Flails
  4125 | D:5      | Entered Level 5 of the Dungeon
  4145 | D:5      | Your scales start taking on a fiery red colour.
  4145 | D:5      | Reached XP level 7. HP: 34/60 MP: 1/12
  4145 | D:5      | Gained mutation: Your flesh is heat resistant. (rF+) [Red Draconian growth]
  4150 | D:5      | Found Diamm's Distillery.
  4160 | D:5      | Bought a potion of curing for 39 gold pieces
  4160 | D:5      | Bought a potion of curing for 39 gold pieces
  4160 | D:5      | Bought a potion of heal wounds for 65 gold pieces
  4289 | D:5      | Found Kegij's Jewellery Emporium.
  4292 | D:5      | Noticed a vampire
  4316 | D:5      | Slain by a vampire

Vault maps used:
D:1:      dpeg_arrival_subterranean_lakeside_camping,
          nemelex_diamond_rough_becter
D:2:      lemuel_old_faithful
D:3:      cheibrodos_thug_alley, eat_drink_and_be_merry_uskayaw,
          overflow_temple_1_default, first_bread
D:4:      fountainhead
D:5:      minmay_temple_entry_poolview, serial_shops, nicolae_shop_stone, shop,
          basic_altar, led_xom_imps

Skill      XL: |  1  2  3  4  5  6 |
---------------+-------------------+-----
Fighting       | 1 2 3 4 |  4.8
Conjurations   | 5 |  5.1
Hexes          | 1 2 |  2.6
Spellcasting   | 3 |  3.3
Maces & Flails | 2 |  2.8
Dodging        | |  1.7
Stealth        | |  1.7

Action                   |  1- 3 |  4- 6 |  7- 9 || total
-------------------------+-------+-------+-------++-------
Melee: Short sword       |     5 |       |       ||     5
       Mace              |    11 |     9 |       ||    20
       Tailslap          |     4 |    16 |     2 ||    22
       Flail             |       |   159 |    19 ||   178
 Cast: Magic Dart        |    71 |   116 |       ||   187
       Dazzling Spray    |       |     3 |     2 ||     5
  Use: Scroll            |     5 |     5 |       ||    10
       Potion            |     1 |     2 |     3 ||     6
 Stab: Invisible         |       |       |     1 ||     1
  Eat: Chunk             |     4 |     7 |       ||    11
       Royal jelly       |       |     1 |       ||     1
Armor: Skin              |     9 |    70 |     8 ||    87
Dodge: Dodged            |    18 |   140 |    26 ||   184
